 Dungeon Crawl Stone Soup version 0.19.0-23-gf02e663 (webtiles) character file.

74 tboon the Skirmisher (level 4, 0/36 HPs)
             Began as a Minotaur Fighter on Nov 20, 2016.
             Was an Initiate of Hepliaklqana.
             Slain by an ice beast (3 damage)
             ... on level 3 of the Dungeon.
             The game lasted 00:03:23 (1501 turns).

tboon the Skirmisher (Minotaur Fighter)             Turns: 1501, Time: 00:03:24

Health: 0/36       AC:  7    Str: 25    XL:     4   Next: 10%
Magic:  3/3        EV:  7    Int:  6    God:    Hepliaklqana [......]
Gold:   97         SH: 10    Dex: 10    Spells: 0 memorised, 3 levels left

rFire  . . .     SeeInvis .     a - +0 war axe
rCold  . . .     Gourm    .     b - +0 scale mail
rNeg   . . .     Faith    .     c - +0 shield
rPois  .         Spirit   .     (helmet restricted)
rElec  .         Reflect  .     (no cloak)
rCorr  .         Harm     .     (no gloves)
MR     .....                    (no boots)
Stlth  ..........               (no amulet)
                                (no ring)
                                (no ring)

@: mighty
A: retaliatory headbutt, reduced essence, horns 2
a: Recall Ancestor, Ancestor Identity, Renounce Religion


You were on level 3 of the Dungeon.
You worshipped Hepliaklqana.
Hepliaklqana was noncommittal.
You were not hungry.

You visited 1 branch of the dungeon, and saw 3 of its levels.

You collected 97 gold pieces.

Inventory:

Hand Weapons
 a - a +0 war axe (weapon)
Armour
 b - a +0 scale mail (worn)
 c - a +0 shield (worn)
Jewellery
 g - an uncursed ring of flight {unknown}
   (You found it on level 1 of the Dungeon)
 q - an uncursed amulet of regeneration {unknown}
   (You found it on level 2 of the Dungeon)
Scrolls
 e - 2 scrolls of immolation {unknown}
 h - 2 scrolls of amnesia {unknown}
 k - a scroll of remove curse {unknown}
 l - a scroll of magic mapping {unknown}
 n - 2 scrolls of enchant weapon {unknown}
 o - 3 scrolls of identify {unknown}
 p - a scroll of recharging {unknown}
Potions
 i - a potion of agility {unknown}
 m - a potion of heal wounds {unknown}
 s - a potion of degeneration {unknown}
 t - a potion of invisibility {unknown}
Comestibles
 f - 2 bread rations
 j - a slice of pizza
 r - a meat ration
 u - 3 chunks of flesh


   Skills:
 + Level 4.3 Fighting
 * Level 3.9 Axes
 + Level 4.2 Armour
 + Level 3.9 Shields


You had 3 spell levels left.
You didn't know any spells.

Dungeon Overview and Level Annotations

Branches:
Dungeon (3/15)

Altars:
Ashenzari
Hepliaklqana
Makhleb


Innate Abilities, Weirdness & Mutations

You reflexively headbutt those who attack you in melee.
You have a pair of horns on your head.
Your life essence is reduced. (-10% HP)


Message History

There is a stone staircase leading up here.
You hit the orc but do no damage. x2; Thamphthis hits the orc.
The orc closely misses you. The orc barely misses you.
You hit the orc.
You kill the orc!
You hit the orc. The orc hits you but does no damage.
Your shield prevents you from hitting the orc.
You headbutt the orc.
You kill the orc!
You have reached level 4!
You feel agile.
Thamphthis remembers more of his old skill.
Your scale mail prevents you from hitting the orc.
You headbutt the orc!
You kill the orc!
You hit the orc.
The orc is almost dead.
The orc hits you but does no damage.
You closely miss the orc.
The orc is almost dead.
You block the orc's attack. The orc hits you but does no damage.
You barely miss the orc.
The orc is almost dead.
The orc hits you but does no damage.
You hit the orc but do no damage.
The orc is almost dead.
The orc hits you but does no damage. The orc barely misses you.
You furiously retaliate!
You headbutt the orc.
You kill the orc!
You block the orc's attack.
Items here: ))) [ †† a dagger; a hand axe x2; a leather armour; an orc corpse x2
You hit the orc.
The orc is heavily wounded.
The orc barely misses you.
You slash the orc!
You kill the orc!
No target in view!
No target in view!
You swap places.
There is a stone staircase leading up here.
You see here an orc corpse.
You butcher the orc corpse.
u - 3 chunks of flesh You see here an orc skeleton.
An ice beast comes into view.
Your shield prevents you from hitting the ice beast.
Your headbutt misses the ice beast. You block the ice beast's attack.
You closely miss the ice beast.
The ice beast hits you but does no damage.
Your scale mail prevents you from hitting the ice beast.
The ice beast hits you but does no damage.
You block the ice beast's attack.
You slash the ice beast!
The ice beast is heavily wounded.
You block the ice beast's attack.
You barely miss the ice beast.
The ice beast is moderately wounded.
The ice beast hits you. The ice beast freezes you!
You hit the ice beast.
You headbutt the ice beast, but do no damage.
The ice beast is heavily wounded.
You block the ice beast's attack. The ice beast barely misses you.
You hit the ice beast.
The ice beast is heavily wounded.
The ice beast hits you. The ice beast freezes you.
You are too injured to fight recklessly!
You are too injured to fight recklessly!
You swap places.
The ice beast hits Thamphthis.
The ice beast freezes Thamphthis!
Thamphthis resists.
Thamphthis hits the ice beast.
The ice beast hits Thamphthis.
The ice beast freezes Thamphthis.
Thamphthis resists.
Thamphthis barely misses the ice beast.
The ice beast hits Thamphthis.
Thamphthis is destroyed!
You block the ice beast's attack.
You barely miss the ice beast. Your headbutt misses the ice beast.
The ice beast is severely wounded.
The ice beast misses you. You furiously retaliate!
You headbutt the ice beast, but do no damage.
You block the ice beast's attack.
You closely miss the ice beast.
The ice beast is severely wounded.
You block the ice beast's attack.
You hit the ice beast. Your headbutt misses the ice beast.
The ice beast is severely wounded.
The ice beast hits you. The ice beast freezes you!
* * * LOW HITPOINT WARNING * * *
The ice beast hits you but does no damage.
Your scale mail prevents you from hitting the ice beast.
The ice beast is severely wounded.
You block the ice beast's attack.
You feel very mighty all of a sudden. You block the ice beast's attack.
You slash the ice beast!
The ice beast is almost dead.
The ice beast hits you.
You die...

#.# #.# #.# #.#
#)# #)# #<#
#.###########÷#
#.........Y@..#
###############


You could see an ice beast.

Vanquished Creatures
  An adder (D:2)
  A worm (D:2)
  2 dart slugs (D:1)
  5 orcs (D:3)
  2 giant cockroaches
  5 goblins
  5 hobgoblins
  7 jackals (D:2)
  3 kobolds (D:2)
  8 bats
  2 frilled lizards (D:1)
  7 rats
48 creatures vanquished.

Vanquished Creatures (collateral kills)
  A bat (D:2)
  A rat (D:2)
2 creatures vanquished.

Vanquished Creatures (others)
  An ancestor (D:3)
1 creature vanquished.

Grand Total: 51 creatures vanquished

Notes
Turn   | Place    | Note
-------+----------+-------------------------------------------
     0 | D:1      | tboon the Minotaur Fighter began the quest for the Orb.
     0 | D:1      | Reached XP level 1. HP: 19/19 MP: 0/0
   135 | D:1      | Found a shattered altar of Ashenzari.
   366 | D:1      | Reached XP level 2. HP: 26/27 MP: 1/1
   387 | D:1      | Reached skill level 4 in Armour
   709 | D:1      | Reached skill level 3 in Axes
   980 | D:2      | Reached XP level 3. HP: 33/33 MP: 2/2
  1014 | D:2      | Reached skill level 4 in Fighting
  1133 | D:2      | Found a burning altar of Makhleb.
  1292 | D:2      | Found a faded altar of an unknown god.
  1292 | D:2      | Found a hazy altar of Hepliaklqana.
  1298 | D:2      | Found a faded altar of an unknown god.
  1300 | D:2      | Found a faded altar of an unknown god.
  1304 | D:2      | Found a faded altar of an unknown god.
  1319 | D:2      | Became a worshipper of Hepliaklqana the Forgotten
  1460 | D:3      | Reached XP level 4. HP: 36/36 MP: 3/3
  1477 | D:3      | Noticed an ice beast
  1494 | D:3      | HP: 2/36 [ice beast (13)]
  1501 | D:3      | Slain by an ice beast

Skill      XL: |  1  2  3 |
---------------+----------+-----
Armour         | 4 |  4.2
Axes           | 3 |  3.9
Fighting       | 4 |  4.3
Shields        | |  3.9

Action                   |  1- 3 |  4- 6 || total
-------------------------+-------+-------++-------
Melee: War axe           |    92 |    19 ||   111
       Headbutt          |     8 |     2 ||    10
  Use: Potion            |       |     1 ||     1
 Stab: Distracted        |     1 |       ||     1
  Eat: Chunk             |     2 |       ||     2
Armor: Scale mail        |    37 |     5 ||    42
Dodge: Dodged            |    39 |     4 ||    43
Block: Shield            |    53 |    11 ||    64

Vault maps used:
D:1:      lemuel_arrival_behind_the_door_small, nicolae_ashenzari_panopticon
D:2:      lemuel_round_altar, chequers_temple_overflow_minitemple,
          minmay_pentomino_u2
D:3:      minmay_tree_intersection

Table legend:
 A = Turns spent in this place as a percentage of turns spent in the entire game.
 B = Non-inter-level travel turns spent in this place as a percentage of non-inter-level travel turns spent in the entire game.
 C = Inter-level travel turns spent in this place as a percentage of turns spent in this place.
 D = Turns resting spent in this place as a percentage of non-inter-level travel turns spent in this place.
 E = Turns spent auto-exploring this place as a percentage of non-inter-level travel turns spent in this place.
 F = Non-inter-level travel turns spent in this place divided by the number of levels of this place that you've seen.
                   A       B       C       D       E      F
               +-------+-------+-------+-------+-------+----------------------
         Total | 100.0 | 100.0 |   0.6 |   0.6 |  16.3 | 116.7
       Dungeon | 100.0 | 100.0 |   0.6 |   0.6 |  16.3 | 116.7
               +-------+-------+-------+-------+-------+----------------------

Table legend:
 A = Kills in this place as a percentage of kills in entire the game.
 B = Kills by you in this place as a percentage of kills by you in the entire game.
 C = Kills by friends in this place as a percentage of kills by friends in the entire game.
 D = Other kills in this place as a percentage of other kills in the entire game.
 E = Experience gained in this place as a percentage of experience gained in the entire game.
 F = Experience gained in this place divided by the number of levels of this place that you have seen.
                   A       B       C       D       E      F
               +-------+-------+-------+-------+-------+----------------------
         Total | 100.0 | 100.0 | 100.0 |  -nan | 100.0 |  35.7
       Dungeon | 100.0 | 100.0 | 100.0 |  -nan | 100.0 |  35.7
               +-------+-------+-------+-------+-------+----------------------
